 Dungeon Crawl Stone Soup version 0.28-a0-683-ga8797d1ae1 (webtiles) character file.

Game seed: 111966989503401111

7487 dracfodder the Cleaver (level 11, -5/68 HPs)
             Began as a Gargoyle Berserker on Oct 18, 2021.
             Was an Elder of Trog.
             Slain by a four-headed hydra (8 damage)
             ... on level 10 of the Dungeon.
             The game lasted 00:30:55 (11110 turns).

dracfodder the Cleaver (Gargoyle Berserker)        Turns: 11110, Time: 00:30:55

Health: -5/68      AC: 24    Str: 23 (24) XL:     11   Next: 16%
Magic:  11/11      EV: 11    Int:  8      God:    Trog [****..]
Gold:   383        SH:  0    Dex:  8 (9)  Spells: 10/10 levels left

rFire   . . .      SeeInvis .   b - +3 quarterstaff (chaos)
rCold   . . .      Faith    .   (shield currently unavailable)
rNeg    + + .      Spirit   .   f - +1 scale mail
rPois   ∞          Reflect  .   e - +0 helmet
rElec   +          Harm     .   D - +2 cloak {Will+}
rCorr   .          Rampage  .   u - +1 pair of gloves
Will    ++...                   (no boots)
Stlth   +.........              (no amulet)
HPRegen 0.21/turn               n - ring of willpower
MPRegen 0.12/turn               v - ring of positive energy

@: no status effects
A: sickness immunity, AC +8, negative energy resistance 1, electricity
resistance, torment resistance 1, petrification resistance, fangs 1,
deterioration 1, sense surroundings 1
a: Renounce Religion, Berserk, Trog's Hand, Brothers in Arms


You were on level 10 of the Dungeon.
You worshipped Trog.
Trog was greatly pleased with you.
You visited 1 branch of the dungeon, and saw 11 of its levels.

You collected 383 gold pieces.

Inventory:

Hand Weapons
 a - a +0 mace
 b - a +3 quarterstaff of chaos (weapon)
 p - a +0 war axe of electrocution
 x - a +5 hunting sling of freezing
Missiles
 d - 270 stones (quivered)
 h - 34 poisoned darts
 i - 119 arrows
 j - 139 bolts
 k - 62 sling bullets
 s - 12 boomerangs
 w - 3 throwing nets
Armour
 e - a +0 helmet (worn)
 f - a +1 scale mail (worn)
 l - a +1 kite shield
 u - a +1 pair of gloves (worn)
 D - a +2 cloak of willpower (worn)
Jewellery
 g - a ring of protection from fire
 n - a ring of willpower (left hand)
 t - a ring of resist corrosion
 v - a ring of positive energy (right hand)
Wands
 B - a wand of digging (5)
 E - a wand of flame (25)
Scrolls
 o - 2 scrolls of blinking
 y - a scroll of magic mapping
 A - a scroll of holy word
 G - a scroll of vulnerability {unknown}
 H - a scroll of identify
Potions
 c - 4 potions of lignification
 m - 3 potions of curing
 q - 2 potions of heal wounds
 r - a potion of attraction {unknown}
 z - 2 potions of flight {unknown}
 C - a potion of ambrosia {unknown}
 F - a potion of experience {unknown}


   Skills:
 + Level 7.8 Fighting
 + Level 9.2(9.7) Axes
 + Level 5.1(8.2) Maces & Flails
 + Level 0.5 Throwing
 + Level 8.6 Armour
 + Level 4.0 Dodging
 + Level 2.9 Stealth
 + Level 6.7 Shields


You had 10 spell levels left.
You didn't know any spells.
Your spell library was empty.

Dungeon Overview and Level Annotations

Branches:
Dungeon (11/15)            Temple (0/1) D:7
   Lair: D:8-11         Orc: D:9-12

Altars:

Shops:
D:5 (=   D:7 (


Innate Abilities, Weirdness & Mutations

You are immune to sickness and miasma.
Your stone body is resilient. (AC +8)
You are immune to poison.
You resist negative energy. (rN+)
You are resistant to electric shocks. (rElec)
You are resistant to unholy torment.
You are immune to petrification.
You have very sharp teeth.
Your body sometimes deteriorates upon taking damage.
You passively map a small area around you.


Message History

You continue taking off your +1 kite shield.
You block the four-headed hydra's attack.
The four-headed hydra bites you but does no damage. x3
You continue taking off your +1 kite shield.
The four-headed hydra bites you but does no damage.
You block the four-headed hydra's attack.
The four-headed hydra bites you!
Your body deteriorates!
You feel clumsy.
The four-headed hydra bites you but does no damage.
You continue taking off your +1 kite shield.
The four-headed hydra bites you but does no damage. x2
The four-headed hydra bites you.
The four-headed hydra bites you but does no damage.
You finish taking off your +1 kite shield.
Unknown command.
Your +0 war axe of electrocution stops crackling.
Your +3 quarterstaff of chaos is briefly surrounded by a scintillating aura of random colours.
b - a +3 quarterstaff of chaos (weapon)
You hit the four-headed hydra.
You feel better.
You bite the four-headed hydra.
The four-headed hydra is lightly wounded.
The four-headed hydra bites you but does no damage. x2
The four-headed hydra misses you.
The four-headed hydra bites you but does no damage.
You hit the four-headed hydra.
The four-headed hydra seems to grow stronger.
The four-headed hydra is lightly wounded.
The four-headed hydra bites you!
The four-headed hydra bites you but does no damage.
The four-headed hydra bites you!!
* * * LOW HITPOINT WARNING * * *
The four-headed hydra closely misses you.
The four-headed hydra bites you but does no damage. x2
The four-headed hydra bites you!
* * * LOW HITPOINT WARNING * * *
Your body deteriorates!
You feel weakened.
The four-headed hydra bites you but does no damage.
You sock the four-headed hydra! You freeze the four-headed hydra.
The four-headed hydra is moderately wounded.
The four-headed hydra bites you!
You die...

* , .!( , * , ,
.!?##* ** * ,, *
#.... ,,**. *
....###* * #.., 9
#....#### * ...
.D##....##.# ..♣ *
#[}##..W.D####).♣ *
*#):##.9B.u.D@...♣
, .##....##Z#####.♣
* *#....##....# * *
##....####.##.# ,
** ##.../*###.##.#
....# *#......# **
* ....*###...#...#
, ###
*#.....#.....=. ,
######.....####..#.


You could see a boulder beetle, a six-headed hydra, a four-headed hydra
(strong), a white ugly thing, a gargoyle, a shadow and a centaur warrior zombie.

Vanquished Creatures
  Gastronok (D:8)
  Harold (D:7)
  Pikel (D:9)
  2 centaur zombies
  Joseph (D:7)
  An unseen horror (D:9)
  A hornet (D:9)
  Sigmund (D:4)
  3 yaks (D:9)
  Grum (D:9)
  2 black bears
  A hornet zombie (D:9)
  An ice beast (D:8)
  5 sky beasts
  3 wolves (D:9)
  2 ogres
  A necrophage (D:6)
  A lemure (D:9)
  2 centaurs
  A phantom (D:6)
  A bullfrog (D:7)
  A gnoll sergeant (D:6)
  A scorpion (D:6)
  A water moccasin skeleton (D:5)
  5 wights (D:8)
  The ghost of AttackTheMoon the Sneak, a weakling KoDe (D:5)
  3 howler monkeys
  5 crimson imps (D:7)
  2 bullfrog zombies
  5 centaur skeletons
  3 jellies
  2 bullfrog skeletons (D:6)
  2 gnoll shamans
  A hound (D:6)
  2 orc priests
  Crazy Yiuf (D:7)
  2 iguanas
  2 orc wizards (D:6)
  3 howler monkey zombies
  19 gnolls
  2 river rats (D:4)
  11 adders
  4 white imps
  An ufetubus (D:5)
  The ghost of flotson the Sneak, a weakling DsDe (D:3)
  2 dart slugs (D:3)
  4 worms
  17 orcs
  8 bats
  4 endoplasms
  7 giant cockroaches
  6 hobgoblins
  4 jackals (D:2)
  A quokka (D:2)
  9 ball pythons
  3 frilled lizards
  5 goblins
  10 kobolds
  4 rats
  A bush (D:8)
198 creatures vanquished.

Vanquished Creatures (collateral kills)
  A killer bee zombie (D:8)
1 creature vanquished.

Vanquished Creatures (others)
  A crimson imp (D:7)
  4 plants (D:1)
5 creatures vanquished.

Grand Total: 204 creatures vanquished

Notes
Turn   | Place    | Note
-------+----------+-------------------------------------------
     0 | D:1      | dracfodder the Gargoyle Berserker began the quest for the
                  | Orb.
     0 | D:1      | Reached XP level 1. HP: 14/14 MP: 1/1
   763 | D:1      | Reached XP level 2. HP: 3/19 MP: 2/2
  1547 | D:2      | You fall into a shaft and drop 1 floor!
  1580 | D:3      | Reached XP level 3. HP: 8/23 MP: 3/3
  1954 | D:4      | Reached XP level 4. HP: 27/29 MP: 4/4
  2014 | D:4      | Reached skill level 1 in Stealth
  2042 | D:4      | Reached XP level 5. HP: 33/33 MP: 5/5
  2318 | D:4      | Noticed Sigmund
  2332 | D:4      | Killed Sigmund
  2332 | D:4      | Reached ** piety under Trog
  2333 | D:4      | Reached skill level 5 in Maces & Flails
  2333 | D:4      | Reached XP level 6. HP: 12/39 MP: 6/6
  3056 | D:2      | Reached skill level 1 in Axes
  3185 | D:2      | Gained mutation: Your body sometimes deteriorates upon
                  | taking damage. [potion of mutation]
  3185 | D:2      | Gained mutation: You passively map a small area around you.
                  | [potion of mutation]
  3185 | D:2      | Gained mutation: You have very sharp teeth. [potion of
                  | mutation]
  3355 | D:2      | Reached XP level 7. HP: 44/44 MP: 7/7
  3520 | D:3      | Found a transporter.
  3523 | D:3      | Noticed flotson's ghost (weakling DsDe)
  4188 | D:3      | Found a transporter.
  4194 | D:3      | Killed flotson's ghost
  4196 | D:3      | Reached skill level 5 in Fighting
  4200 | D:3      | Reached skill level 2 in Axes
  4303 | D:5      | Entered Level 5 of the Dungeon
  4740 | D:5      | Found Vijail's Weapon Shop.
  4783 | D:5      | Reached *** piety under Trog
  4798 | D:5      | Reached skill level 3 in Axes
  4951 | D:6      | Reached XP level 8. HP: 18/50 MP: 8/8
  5275 | D:5      | Reached skill level 1 in Shields
  5317 | D:5      | Noticed AttackTheMoon's ghost (weakling KoDe)
  5318 | D:5      | Found a runed translucent door.
  5436 | D:5      | Found Icuimyto's Jewellery Shop.
  6139 | D:5      | Killed AttackTheMoon's ghost
  6281 | D:6      | Reached skill level 4 in Axes
  6314 | D:6      | Reached skill level 5 in Armour
  6806 | D:6      | Reached XP level 9. HP: 27/55 MP: 9/9
  6814 | D:6      | Reached skill level 5 in Axes
  7586 | D:7      | Found Isycot's Weapon Shoppe.
  7698 | D:7      | Noticed Joseph
  7711 | D:7      | Killed Joseph
  7712 | D:7      | Reached skill level 6 in Axes
  7870 | D:7      | Found a runed translucent door.
  7871 | D:7      | Noticed Crazy Yiuf
  7887 | D:7      | Noticed Harold
  7898 | D:7      | Killed Harold
  8074 | D:7      | Found a staircase to the Ecumenical Temple.
  8562 | D:7      | Reached skill level 7 in Axes
  8562 | D:7      | Reached XP level 10. HP: 58/61 MP: 10/10
  8662 | D:7      | Reached skill level 5 in Shields
  8665 | D:7      | Reached **** piety under Trog
  8894 | D:7      | Killed Crazy Yiuf
  9203 | D:8      | Noticed Gastronok
  9223 | D:8      | Killed Gastronok
  9224 | D:8      | Reached skill level 8 in Axes
 10080 | D:10     | Entered Level 10 of the Dungeon
 10098 | D:9      | Killed an unseen horror
 10356 | D:9      | Noticed Grum
 10365 | D:9      | Killed Grum
 10372 | D:9      | Reached XP level 11. HP: 29/67 MP: 11/11
 10759 | D:9      | Reached skill level 9 in Axes
 10924 | D:9      | Noticed Pikel
 10934 | D:9      | Killed Pikel
 11092 | D:10     | Noticed a boulder beetle
 11092 | D:10     | Noticed a four-headed hydra
 11092 | D:10     | Noticed a wizard
 11094 | D:10     | Noticed a white ugly thing
 11095 | D:10     | Noticed a six-headed hydra
 11109 | D:10     | HP: 2/68 [four-headed hydra (13)]
 11110 | D:10     | Slain by a four-headed hydra

Illustrated notes

Levels and vault maps discovered:
D:1:      lightli_arrival_noodles, layout_basic, chequers_big_river,
          serial_bayou_lagoon_a, kennysheep_another_room, corexii_hall_statues_t
D:2:      layout_rooms
D:3:      layout_loops_corners, gammafunk_ghost_mausoleum,
          minmay_misc_feat_plants
D:4:      layout_loops_ring, portal_sewer_entry_e, uniq_sigmund
D:5:      layout_gridville, serial_shops, shop, nicolae_lakefront_shop,
          hellmonk_ghost_happy_afterlife, minivault_25,
          chequers_serial_rivers_small_a, chequers_serial_rivers_large_a
D:6:      layout_loops_ring, wad_rectangle_vault
D:7:      layout_basic, minmay_temple_entry_mini_moons, serial_shops,
          nicolae_shop_crystal, minmay_nine_imps, uniq_joseph,
          uniq_crazy_yiuf_cottage, uniq_harold
D:8:      layout_basic, kb_lookout_dungeons_type, uniq_gastronok
D:9:      layout_basic, uniq_grum, uniq_pikel
D:10:     minmay_bloctagon, layout_rooms, nicolae_overflow_hidden_temple,
          david_orc_3, serial_shops, shop, minmay_shop_grid_forest,
          minmay_stone_trees_small, uniq_sonja
D:11:     cheibrodos_wizards_tower, layout_rooms, lair_entry_dummy, uniq_urug

Skill      XL: |  1  2  3  4  5  6  7  8  9 10 11 |
---------------+----------------------------------+-----
Fighting       | 4 5 6 7 |  7.8
Stealth        | 1 2 |  2.9
Maces & Flails | 4 5 |  5.1
Armour         | 3 4 5 7 8 |  8.6
Dodging        | 2 3 4 |  4.0
Axes           | 1 3 4 7 8 9 |  9.2
Shields        | 3 4 6 |  6.7
Throwing       | |  0.5

Action                   |  1- 3 |  4- 6 |  7- 9 | 10-12 || total
-------------------------+-------+-------+-------+-------++-------
Melee: Mace              |    98 |    33 |       |       ||   131
       War axe           |       |    84 |   249 |   209 ||   542
       Bite              |       |     1 |    23 |    19 ||    43
       Quarterstaff      |       |       |       |     3 ||     3
Throw: Stone             |     7 |       |       |       ||     7
Invok: Berserk           |     1 |     2 |     8 |     2 ||    13
       Trog's Hand       |       |       |     4 |     2 ||     6
  Use: Scroll            |     1 |    10 |     9 |     2 ||    22
       Potion            |       |     1 |       |       ||     1
Armor: Animal skin       |    18 |       |       |       ||    18
       Scale mail        |    37 |    90 |   195 |   166 ||   488
Dodge: Dodged            |    71 |    89 |   106 |    92 ||   358
Block: Kite shield       |       |       |   114 |   126 ||   240
       Buckler           |       |       |     4 |       ||     4

Table legend: (Time is in decaauts)
 A = Elapsed time spent in this place.
 B = Non-inter-level travel time spent in this place.
 C = Inter-level travel time spent in this place.
 D = Time resting spent in this place.
 E = Time spent auto-exploring this place.
 F = Levels seen in this place.
 G = Mean time per level.
                   A        B        C        D        E       F      G
               +--------+--------+--------+--------+--------+-----+--------+
         Total |  11517 |  11127 |    390 |   2160 |   6514 |  11 | 1047.0 |
       Dungeon |  11517 |  11127 |    390 |   2160 |   6514 |  11 | 1047.0 |
               +--------+--------+--------+--------+--------+-----+--------+

Top non-repeatable levels by time:
     D:5: 1675 daAuts
     D:1: 1565 daAuts
     D:6: 1524 daAuts
     D:7: 1462 daAuts
     D:4: 1233 daAuts
     D:3: 1220 daAuts
     D:8: 1096 daAuts
     D:9: 1036 daAuts
     D:2: 659 daAuts
    D:10: 42 daAuts
    D:11: 1 daAuts
